 Dungeon Crawl Stone Soup version 0.21.1-1-g345015f (webtiles) character file.

115 vatarom the Distorting Ant (level 5, -4/42 HPs)
             Began as a Formicid Abyssal Knight on Apr 23, 2018.
             Was a Believer of Lugonu.
             Slain by an orc
             ... wielding a +0 flail
              (7 damage)
             ... on level 2 of the Dungeon.
             The game lasted 00:05:38 (3423 turns).

vatarom the Distorting Ant (FoAK)                   Turns: 3423, Time: 00:05:39

Health: -4/42      AC:  4    Str: 17    XL:     5   Next: 20%
Magic:  8/8        EV: 13    Int: 15    God:    Lugonu [**....]
Gold:   83         SH:  0    Dex: 11    Spells: 4/4 levels left

rFire    . . .     SeeInvis +   a - +1 mace
rCold    . . .     Gourm    .   (no shield)
rNeg     . . .     Faith    .   b - +0 leather armour
rPois    +         Spirit   .   (helmet unavailable)
rElec    .         Reflect  .   (no cloak)
rCorr    .         Harm     .   (no gloves)
MR       .....                  (no boots)
Stlth    +.........             (no amulet)
HPRegen  0.14/turn              i - +4 ring of intelligence
MPRegen  0.11/turn              g - ring of poison resistance

@: no status effects
A: permanent stasis, dig shafts and tunnels, four strong arms, antennae 3, claws
1, repulsion field 1, rugged brown scales 1
a: Dig, Shaft Self, Depart the Abyss, Bend Space, Renounce Religion


You were on level 2 of the Dungeon.
You worshipped Lugonu.
Lugonu was pleased with you.
You were not hungry.

You visited 1 branch of the dungeon, and saw 3 of its levels.
You visited the Abyss 1 time.

You collected 83 gold pieces.

Inventory:

Hand Weapons
 a - a +1 mace (weapon)
Armour
 b - a +0 leather armour (worn)
Jewellery
 g - a ring of poison resistance (right claw)
 i - a +4 ring of intelligence (left claw)
Scrolls
 d - a scroll of remove curse {unknown}
 e - 2 scrolls of noise {unknown}
 h - 2 scrolls of identify {unknown}
 l - a scroll of amnesia {unknown}
Books
 k - a book of Cantrips

   Spells                             Type                      Level
   a - Confusing Touch                Hexes                        1
   b - Animate Skeleton               Necromancy                   1
   c - Summon Small Mammal            Summoning                    1
   d - Apportation                    Translocation                1
Comestibles
 c - 4 rations
 f - 3 chunks of flesh


   Skills:
 - Level 3.2 Fighting
 + Level 3.8 Maces & Flails
 - Level 2.1 Armour
 - Level 0.8 Dodging
 + Level 4.4 Invocations


You had 4 spell levels left.
You didn't know any spells.

Dungeon Overview and Level Annotations

Branches:
Dungeon (3/15)

Altars:
The Shining One

Annotations:
D:3 Sigmund; Verendum's ghost, amateur MiGl


Innate Abilities, Weirdness & Mutations

You cannot be hasted, slowed, berserked, paralysed or teleported.
You can dig through walls and to a lower floor.
Your four strong arms can wield two-handed weapons with a shield.
You have a pair of large antennae on your head. (SInv)
You have sharp fingernails.
You are surrounded by a mild repulsion field. (EV +2)
You are partially covered in rugged brown scales. (AC +1, +3% HP)


Message History

The orc priest invokes the aid of Beogh against you.
Beogh smites you!
* * * LOW HITPOINT WARNING * * *
Unknown command.
You hit the orc priest but do no damage.
The orc closely misses you.
The orc priest hits you with a flail of holy wrath.
* * * LOW HITPOINT WARNING * * *
Unknown command.
You closely miss the orc priest. The orc closely misses you.
The orc priest closely misses you.
Unknown command.
You closely miss the orc priest. The orc barely misses you.
The orc priest begins to cast a cantrip, but forgets the words!
Unknown command.
Unknown command.
Okay, then.
You hit the orc priest but do no damage.
The orc hits you with a flail!
You die...

##########
#################o.......#
...............o@........#
#################........#
..###### #####.####
.......##############.#
#.####....#...........#
#.#######.............##
#......................#
#########..............#
#..............#


You could see an orc priest and an orc.

Vanquished Creatures
  4 adders
  3 worms
  2 dart slugs (D:1)
  3 leopard geckos
  2 orcs (D:2)
  10 bats
  2 giant cockroaches
  10 hobgoblins
  2 quokkas (D:3)
  2 ball pythons (D:2)
  5 frilled lizards
  6 goblins
  8 kobolds
  3 rats
62 creatures vanquished.

Notes
Turn   | Place    | Note
-------+----------+-------------------------------------------
     0 | Abyss:1  | vatarom the Formicid Abyssal Knight began the quest for the Orb.
     0 | Abyss:1  | Reached XP level 1. HP: 18/18 MP: 2/2
    42 | Abyss:1  | Noticed a large abomination
    44 | D:1      | Escaped the Abyss
   288 | D:1      | Reached XP level 2. HP: 23/24 MP: 3/3
   328 | D:1      | Reached * piety under Lugonu
   587 | D:1      | Reached skill level 3 in Invocations
   802 | D:1      | Reached XP level 3. HP: 24/29 MP: 5/5
  1772 | D:2      | Found a glowing golden altar of the Shining One.
  1777 | D:2      | Reached XP level 4. HP: 35/35 MP: 6/6
  2242 | D:2      | Reached skill level 4 in Invocations
  2680 | D:3      | Reached ** piety under Lugonu
  2838 | D:3      | Noticed Verendum's ghost (amateur MiGl)
  2843 | D:3      | Gained mutation: You are partially covered in rugged brown scales. (AC +1, +3% HP) [potion of mutation]
  2843 | D:3      | Gained mutation: You are surrounded by a mild repulsion field. (EV +2) [potion of mutation]
  2843 | D:3      | Gained mutation: You have sharp fingernails. [potion of mutation]
  2859 | D:3      | Reached XP level 5. HP: 19/42 MP: 8/8
  3034 | D:3      | Noticed Sigmund
  3423 | D:2      | Slain by an orc

Skill      XL: |  1  2  3  4 |
---------------+-------------+-----
Invocations    | 3 4 |  4.4
Maces & Flails | 3 |  3.8
Fighting       | |  3.2
Armour         | |  2.1
Dodging        | |  0.8

Action                   |  1- 3 |  4- 6 || total
-------------------------+-------+-------++-------
Melee: Mace              |   100 |   111 ||   211
Invok: Depart the Abyss  |     1 |       ||     1
 Abil: Dig               |       |     3 ||     3
  Use: Scroll            |     1 |       ||     1
       Potion            |     3 |     2 ||     5
  Eat: Chunk             |     2 |     1 ||     3
       Ration            |       |     2 ||     2
Armor: Leather armour    |    32 |    37 ||    69
Dodge: Dodged            |    79 |   119 ||   198
